 Dungeon Crawl Stone Soup version 0.31-a0-354-g827e0957a7 (webtiles) character file.

Game seed: 7610446572615322767

9994 cforsyth the Prestidigitator (level 11, -5/74 (84) HPs)
             Began as a Gnoll Artificer on July 24, 2023.
             Was a Priest of Okawaru.
             Slain by a troll (8 damage)
             ... on level 8 of the Dungeon.
             The game lasted 00:24:22 (12705 turns).

cforsyth the Prestidigitator (Gnoll Artificer)     Turns: 12705, Time: 00:24:23

HP:   -5/74 (84)    AC: 19    Str: 12    XL:     11   Next: 55%
MP:   21/21         EV:  5    Int: 14    God:    Okawaru [***...]
Gold: 784           SH: 10    Dex: 13    Spells: 23/23 levels left

rFire   . . .        t - +0 morningstar
rCold   . . .        n - +0 buckler
rNeg    . . .        D - +0 plate armour
rPois   .            (no helmet)
rElec   .            A - +0 cloak
rCorr   .            k - +0 pair of gloves
SInv    .            M - +2 pair of boots {Fly}
Will    .....        h - amulet of reflection Stlth
                     (no ring)
HPRegen 0.32/turn    (no ring)
MPRegen 0.17/turn

%: reflection
@: flying, heavily drained, invisible (expiring)
A: fangs 1, strong nose, distributed training
a: Renounce Religion, Heroism


You were on level 8 of the Dungeon.
You worshipped Okawaru.
Okawaru was most pleased with you.
You visited 2 branches of the dungeon, and saw 10 of its levels.
You also visited: Bailey.

You collected 784 gold pieces.

Inventory:

Hand Weapons
 a - a +0 club
 b - the +0 great sword of Ykyqidef {pain, *Noise *Slow Int+2 Dex+6}
   (You took it off an orc high priest in a bailey)

   Int:       It affects your intelligence (+2).
   Dex:       It affects your dexterity (+6).
   *Noise:    It may make noises in combat.
   *Slow:     It may slow you when you take damage.
 t - a +0 morningstar (weapon)
 L - a +3 dire flail of freezing
Missiles
 C - 2 throwing nets
Armour
 f - a +0 plate armour
 k - a +0 pair of gloves (worn)
 n - a +0 buckler (worn)
 u - a +0 scale mail
 A - a +0 cloak (worn)
 D - a +0 plate armour (worn)
 M - a +2 pair of boots of flying (worn)
Jewellery
 h - an amulet of reflection (around neck)
 j - a ring of willpower
 m - a ring of protection from fire
 p - an amulet of the acrobat
 r - a ring of fire
 E - a ring of wizardry
 H - a ring of fire
 K - a ring of poison resistance
Talismans
 G - a maw talisman
Wands
 d - a wand of charming (14)
Scrolls
 e - a scroll of enchant armour {unknown}
 g - a scroll of poison {unknown}
 i - 2 scrolls of fog {unknown}
 l - 2 scrolls of immolation
 o - 4 scrolls of teleportation {unknown}
 v - a scroll of noise {unknown}
 y - 2 scrolls of amnesia {unknown}
 F - a scroll of vulnerability
Potions
 q - a potion of curing
 w - 3 potions of brilliance
 x - a potion of attraction
 z - a potion of magic
 B - a potion of cancellation
 J - a potion of resistance
 N - 2 potions of might


   Skills:
 + Level 7.2 Fighting
 + Level 6.7 Short Blades
 + Level 6.7 Long Blades
 + Level 6.7 Axes
 + Level 6.7 Maces & Flails
 + Level 6.7 Polearms
 + Level 6.7 Staves
 + Level 6.7 Ranged Weapons
 + Level 6.7 Throwing
 + Level 8.2 Armour
 + Level 7.2 Dodging
 + Level 7.1 Stealth
 + Level 6.7 Shields
 + Level 6.7 Unarmed Combat
 + Level 6.7 Spellcasting
 + Level 5.5 Conjurations
 + Level 5.5 Hexes
 + Level 5.5 Summonings
 + Level 5.5 Necromancy
 + Level 5.5 Translocations
 + Level 5.5 Transmutations
 + Level 5.5 Fire Magic
 + Level 5.5 Ice Magic
 + Level 5.5 Air Magic
 + Level 5.5 Earth Magic
 + Level 5.5 Poison Magic
 + Level 7.3 Invocations
 + Level 9.4 Evocations
 + Level 5.5 Shapeshifting


You had 23 spell levels left.
You didn't know any spells.
Your spell library contained the following spells:

 Spells                   Type           Power      Damage    Failure   Level
 Freeze                   Ice            80%        1d9       89%         1
 Sandblast                Erth           40%        2d10      89%         1
 Slow                     Hex            80%        N/A       89%         1
 Passwall                 Tmut/Erth      16%        N/A       96%         2
 Confusing Touch          Hex            20%        N/A       99%         3
 Frozen Ramparts          Ice            40%        1d7       99%         3
 Hailstorm                Conj/Ice       20%        3d6       99%         3
 Stone Arrow              Conj/Erth      40%        3d9       99%         3
 Vampiric Draining        Necr           20%        2d7       99%         3
 Vhi's Electric Charge    Tloc/Air       40%        N/A       99%         3
 Arcjolt                  Conj/Air       10%        1d20      100%        5
 Plasma Beam              Fire/Air       10%        2x1d21    100%        6


Dungeon Overview and Level Annotations

Branches:
Dungeon (9/15)             Temple (1/1) D:5            Lair (0/5) D:8
 Bailey (visited)
    Orc: D:9-12

Altars:
Ashenzari
Cheibriados
Dithmenos
Elyvilon
Fedhas
Gozag
Hepliaklqana
Kikubaaqudgha
Makhleb
Nemelex Xobeh
Okawaru
Qazlal
Ru
Sif Muna
Trog
Uskayaw
Vehumet
Wu Jian
Xom
Yredelemnul
Zin
The Shining One

Shops:
D:4 [[(:?   D:6 ?


Innate Abilities, Weirdness & Mutations

You have very sharp teeth.
Your uncanny sense of smell can sniff out nearby items.
Your experience applies equally to all skills.


Message History

You block the troll's attack. The troll claws you but does no damage.
You block the troll's attack.
You hit the troll.
The troll is lightly wounded.
You block the troll's attack. The troll claws you but does no damage.
The troll barely misses you. The troll bites you but does no damage.
You block the troll's attack. The troll barely misses you.
You hit the troll.
The troll is moderately wounded.
You block the troll's attack. The troll claws you. The troll barely misses you.
You hit the troll but do no damage.
The troll is moderately wounded.
You block the troll's attack. The troll claws you but does no damage.
The troll claws you!
You closely miss the troll. You bite the troll, but do no damage.
The troll is moderately wounded.
The troll bites you. The troll claws you but does no damage.
The troll claws you!
* * * LOW HITPOINT WARNING * * *
You sock the troll!
The troll is heavily wounded.
You block the troll's attack. x2; The troll claws you but does no damage.
You barely miss the troll.
The troll is heavily wounded.
The troll bites you but does no damage. The troll claws you!
* * * LOW HITPOINT WARNING * * *
The troll claws you but does no damage.
You flicker for a moment.
Okay, then.
You strike the helpless troll from behind!
You thump the troll!
The troll is severely wounded.
You block the troll's attack. The troll claws you.
* * * LOW HITPOINT WARNING * * *
The troll claws you but does no damage. The troll barely misses you. x2
You block the troll's attack.
You hit the troll.
The troll is severely wounded.
The troll bites you!
You die...

#######.##########......##...##..
.## #.^.......# #............#..
..## #....####.###......##..#...≈
_..# #....##.........[[.##...####
...###..#.##.#.###.#T.[###.#.#.#.
.8.#.#.....#.#...#.#.#.# #.#.#.#.
...#....####.....#.#.#.###.#.#.#.
_..#...#.......#T#.#....T>.#.#...
..##.[.#########@#.###.......####
.###._.#......................?..
..#....##...#....#.###.#######>.#
_..._..##...#....#...............
..⌠...###...#....#############...
.....## #...#...........#.####.[.
###### #...#....######.#......<.
.# #...###.......#.#.####.#. .#
##### #.#####.#.#.# #)#.


You could see a troll (unable to see you).

Vanquished Creatures
  An orc high priest (Bailey)
  An orc knight (Bailey)
  A kobold demonologist (Bailey)
  Eustachio (D:5)
  A wyvern (D:8)
  A steam dragon (D:5)
  4 water moccasins
  12 orc warriors
  2 black bears
  An ice beast (D:5)
  3 ogres
  2 centaurs
  2 phantoms
  A kobold brigand (D:8)
  5 bullfrogs
  2 scorpions
  8 wights
  5 electric eels (Bailey)
  5 hounds
  2 gnoll boudas
  A jelly (D:5)
  2 sleepcaps
  Jessica (D:3)
  2 iguanas
  Terence (D:3)
  4 orc wizards
  10 adders
  9 gnolls
  2 ufetubi
  3 dart slugs
  21 orcs
  7 ball pythons
  4 bats
  8 endoplasms
  4 giant cockroaches
  14 goblins
  18 hobgoblins
  3 jackals
  6 kobolds
  3 quokkas
  4 frilled lizards
  3 rats (D:1)
190 creatures vanquished.

Vanquished Creatures (others)
  A hound (D:6)
  An ufetubus (D:6)
  2 kobolds
4 creatures vanquished.

Grand Total: 194 creatures vanquished

Notes
Turn   | Place    | Note
-------+----------+-------------------------------------------
     0 | D:1      | cforsyth the Gnoll Artificer began the quest for the Orb.
     0 | D:1      | Reached XP level 1. HP: 17/17 MP: 1/1
   167 | D:1      | Reached XP level 2. HP: 20/23 MP: 2/2
   585 | D:1      | Reached XP level 3. HP: 27/28 MP: 3/3
   940 | D:2      | Reached skill level 1 in Invocations
  1141 | D:2      | Reached skill level 1 in Short Blades
  1141 | D:2      | Reached skill level 1 in Long Blades
  1141 | D:2      | Reached skill level 1 in Axes
  1141 | D:2      | Reached skill level 1 in Maces & Flails
  1141 | D:2      | Reached skill level 1 in Polearms
  1141 | D:2      | Reached skill level 1 in Staves
  1141 | D:2      | Reached skill level 1 in Ranged Weapons
  1141 | D:2      | Reached skill level 1 in Throwing
  1141 | D:2      | Reached skill level 1 in Shields
  1141 | D:2      | Reached skill level 1 in Unarmed Combat
  1141 | D:2      | Reached skill level 1 in Spellcasting
  1397 | D:2      | HP: 1/28 [sleepcap (9)]
  1399 | D:2      | Reached XP level 4. HP: 1/34 MP: 5/5
  1648 | D:2      | Reached skill level 1 in Conjurations
  1648 | D:2      | Reached skill level 1 in Hexes
  1648 | D:2      | Reached skill level 1 in Summonings
  1648 | D:2      | Reached skill level 1 in Necromancy
  1648 | D:2      | Reached skill level 1 in Translocations
  1648 | D:2      | Reached skill level 1 in Transmutations
  1648 | D:2      | Reached skill level 1 in Fire Magic
  1648 | D:2      | Reached skill level 1 in Ice Magic
  1648 | D:2      | Reached skill level 1 in Air Magic
  1648 | D:2      | Reached skill level 1 in Earth Magic
  1648 | D:2      | Reached skill level 1 in Poison Magic
  1648 | D:2      | Reached skill level 1 in Shapeshifting
  2284 | D:3      | Noticed Terence
  2290 | D:3      | Killed Terence
  2291 | D:3      | Reached XP level 5. HP: 40/40 MP: 5/7
  3071 | D:3      | Noticed Jessica
  3076 | D:3      | Killed Jessica
  3218 | D:4      | Found Hadd's Vocational Training.
  3232 | D:4      | Reached XP level 6. HP: 36/47 MP: 8/8
  3280 | D:4      | Found Cotsawoi's Antique Weapon Shoppe.
  3306 | D:4      | Found Xeut Lovvie's Antique Armour Shop.
  3410 | D:4      | Found Tufaesm's Antique Armour Emporium.
  3431 | D:4      | Reached skill level 5 in Armour
  3659 | D:4      | Noticed a black bear
  3667 | D:4      | Reached XP level 7. HP: 52/52 MP: 10/10
  3683 | D:4      | Reached skill level 7 in Evocations
  4247 | D:4      | Found Afebrael's Magic Scroll Shop.
  4559 | D:5      | Entered Level 5 of the Dungeon
  4559 | D:5      | Found a glowing silver altar of Zin.
  4708 | D:5      | Reached XP level 8. HP: 51/60 MP: 12/12
  4902 | D:5      | Found an ancient bone altar of Kikubaaqudgha.
  4965 | D:5      | Noticed Eustachio
  4991 | D:5      | Found a bloodstained altar of Trog.
  5037 | D:5      | Killed Eustachio
  5205 | D:5      | Found a staircase to the Ecumenical Temple.
  5213 | Temple   | Entered the Ecumenical Temple
  5235 | Temple   | Became a worshipper of Warmaster Okawaru
  5707 | D:6      | Found Feled's Magic Scroll Emporium.
  6881 | D:7      | Reached * piety under Okawaru
  6882 | D:7      | Reached XP level 9. HP: 56/66 MP: 14/14
  7107 | D:7      | Found a flagged portal.
  7173 | Bailey   | Entered a bailey
  7186 | Bailey   | HP: 1/67 [electric eel/bolt of electricity (10)]
  7831 | Bailey   | Reached skill level 5 in Fighting
  7831 | Bailey   | Reached skill level 5 in Dodging
  7920 | Bailey   | Noticed an orc knight
  7954 | Bailey   | Killed an orc knight
  7954 | Bailey   | Reached ** piety under Okawaru
  7955 | Bailey   | Reached skill level 5 in Stealth
  7955 | Bailey   | Reached skill level 8 in Evocations
  8081 | Bailey   | Reached skill level 5 in Invocations
  8625 | Bailey   | Acquired a +2 pair of boots of flying
  8671 | Bailey   | Found an iron altar of Okawaru.
  8673 | Bailey   | Noticed a kobold demonologist
  8675 | Bailey   | Noticed a soul eater
  8718 | Bailey   | Noticed a sun demon
  8726 | Bailey   | Killed a kobold demonologist
  8727 | Bailey   | Reached skill level 5 in Short Blades
  8727 | Bailey   | Reached skill level 5 in Long Blades
  8727 | Bailey   | Reached skill level 5 in Axes
  8727 | Bailey   | Reached skill level 5 in Maces & Flails
  8727 | Bailey   | Reached skill level 5 in Polearms
  8727 | Bailey   | Reached skill level 5 in Staves
  8727 | Bailey   | Reached skill level 5 in Ranged Weapons
  8727 | Bailey   | Reached skill level 5 in Throwing
  8727 | Bailey   | Reached skill level 5 in Shields
  8727 | Bailey   | Reached skill level 5 in Unarmed Combat
  8727 | Bailey   | Reached skill level 5 in Spellcasting
  8727 | Bailey   | Reached XP level 10. HP: 10/76 MP: 17/17
  8976 | Bailey   | Identified the +0 great sword of Ykyqidef {pain, *Noise
                  | *Slow Int+2 Dex+6}
  8976 | Bailey   | Noticed an orc high priest
  8987 | Bailey   | Killed an orc high priest
  8987 | Bailey   | Reached *** piety under Okawaru
  9254 | Bailey   | Reached skill level 5 in Conjurations
  9254 | Bailey   | Reached skill level 5 in Hexes
  9254 | Bailey   | Reached skill level 5 in Summonings
  9254 | Bailey   | Reached skill level 5 in Necromancy
  9254 | Bailey   | Reached skill level 5 in Translocations
  9254 | Bailey   | Reached skill level 5 in Transmutations
  9254 | Bailey   | Reached skill level 5 in Fire Magic
  9254 | Bailey   | Reached skill level 5 in Ice Magic
  9254 | Bailey   | Reached skill level 5 in Air Magic
  9254 | Bailey   | Reached skill level 5 in Earth Magic
  9254 | Bailey   | Reached skill level 5 in Poison Magic
  9254 | Bailey   | Reached skill level 9 in Evocations
  9254 | Bailey   | Reached skill level 5 in Shapeshifting
  9254 | Bailey   | Reached XP level 11. HP: 84/84 MP: 17/20
  9601 | Bailey   | Received a gift from Okawaru
 10833 | D:8      | Found a staircase to the Lair.
 11965 | D:8      | Found a burning altar of Makhleb.
 11967 | D:8      | Found a broken altar of Ashenzari.
 11975 | D:8      | Found a blossoming altar of Fedhas.
 11979 | D:8      | Found a shimmering blue altar of Sif Muna.
 11979 | D:8      | Found a white marble altar of Elyvilon.
 11986 | D:8      | Found a glowing golden altar of the Shining One.
 11987 | D:8      | Found a snail-covered altar of Cheibriados.
 12700 | D:8      | HP: 3/74 [troll (11)]
 12705 | D:8      | Slain by a troll

Illustrated notes

Levels and vault maps discovered:
D:1:      saegor_arrival_simple_a, layout_loops_ring
D:2:      layout_loops_corners
D:3:      layout_loops_corners, minmay_door_square, uniq_jessica, uniq_terence
D:4:      minmay_polygon_palace, layout_basic, serial_shops, shop,
          nicolae_shop_waterfront, nicolae_take_the_stairs,
          nicolae_shop_tiny_glass, nrook_mini_vaults, nicolae_shop_vocational
D:5:      layout_loops_cross, kennysheep_mini, mainiacjoe_overflow_boulevard,
          lemuel_doored_altar, temple_green, skrybe_limestone_x, uniq_eustachio
D:6:      layout_rooms, serial_shops, shop, minivault_25
D:7:      layout_rooms, enter_bailey_4
D:8:      layout_basic, nicolae_overflow_hallway_of_the_gods, dpeg_oklobed_lair
D:9:      layout_irregular_city, erik_orc_1, hangedman_weighted_door,
          nicolae_underground_beach, uniq_harold
Temple:   chequers_temple_sunken

Skill      XL: |  1  2  3  4  5  6  7  8  9 10 11 |
---------------+----------------------------------+-----
Invocations    | 1 2 3 4 5 7 |  7.3
Short Blades   | 1 2 3 5 6 |  6.7
Long Blades    | 1 2 3 5 6 |  6.7
Axes           | 1 2 3 5 6 |  6.7
Maces & Flails | 1 2 3 5 6 |  6.7
Polearms       | 1 2 3 5 6 |  6.7
Staves         | 1 2 3 5 6 |  6.7
Ranged Weapons | 1 2 3 5 6 |  6.7
Throwing       | 1 2 3 5 6 |  6.7
Shields        | 1 2 3 5 6 |  6.7
Unarmed Combat | 1 2 3 5 6 |  6.7
Spellcasting   | 1 2 3 5 6 |  6.7
Conjurations   | 1 2 3 4 5 |  5.5
Hexes          | 1 2 3 4 5 |  5.5
Summonings     | 1 2 3 4 5 |  5.5
Necromancy     | 1 2 3 4 5 |  5.5
Translocations | 1 2 3 4 5 |  5.5
Transmutations | 1 2 3 4 5 |  5.5
Fire Magic     | 1 2 3 4 5 |  5.5
Ice Magic      | 1 2 3 4 5 |  5.5
Air Magic      | 1 2 3 4 5 |  5.5
Earth Magic    | 1 2 3 4 5 |  5.5
Poison Magic   | 1 2 3 4 5 |  5.5
Shapeshifting  | 1 2 3 4 5 |  5.5
Fighting       | 3 4 5 7 |  7.2
Dodging        | 3 4 5 7 |  7.2
Stealth        | 3 4 5 6 7 |  7.1
Armour         | 5 6 8 |  8.2
Evocations     | 7 8 9 |  9.4

Action                     |  1- 3 |  4- 6 |  7- 9 | 10-12 || total
---------------------------+-------+-------+-------+-------++-------
  Melee: Club              |   176 |    59 |       |       ||   235
         Bite              |    12 |    12 |    57 |    30 ||   111
         Punch             |     4 |       |       |       ||     4
         Morningstar       |       |    92 |   468 |   317 ||   877
  Evoke: Wand              |     4 |     5 |    24 |    16 ||    49
    Use: Potion            |     3 |       |     1 |     6 ||    10
         Scroll            |       |       |     6 |     5 ||    11
   Stab: Sleeping          |     2 |     1 |       |       ||     3
         Invisible         |       |       |       |     1 ||     1
 Armour: Leather armour    |    74 |    16 |       |       ||    90
         Scale mail        |       |    38 |   191 |       ||   229
         Plate armour      |       |       |    70 |   184 ||   254
  Dodge: Dodged            |   125 |    66 |   179 |    67 ||   437
  Block: Other             |    18 |       |       |       ||    18
         Buckler           |    38 |    83 |   310 |   193 ||   624
         Reflection        |     6 |     1 |     3 |     8 ||    18

Table legend: (Time is in decaauts)
 A = Elapsed time spent in this place.
 B = Non-inter-level travel time spent in this place.
 C = Inter-level travel time spent in this place.
 D = Time resting spent in this place.
 E = Time spent auto-exploring this place.
 F = Levels seen in this place.
 G = Mean time per level.
                   A        B        C        D        E       F      G
               +--------+--------+--------+--------+--------+-----+--------+
         Total |  13066 |  12785 |    281 |   3302 |   6494 |  11 | 1187.8 |
       Dungeon |  10315 |  10057 |    258 |   1666 |   6205 |   9 | 1146.1 |
        Temple |     52 |     30 |     22 |      0 |      0 |   1 |   52.0 |
        Bailey |   2698 |   2698 |      0 |   1636 |    289 |   1 | 2698.0 |
               +--------+--------+--------+--------+--------+-----+--------+

Top non-repeatable levels by time:
  Bailey: 2698 daAuts
     D:5: 1799 daAuts
     D:8: 1570 daAuts
     D:4: 1398 daAuts
     D:2: 1387 daAuts
     D:7: 1307 daAuts
     D:3: 1043 daAuts
     D:1: 871 daAuts
     D:6: 761 daAuts
     D:9: 176 daAuts
  Temple: 52 daAuts
